Map: Kairos Junction LE

Players

Clem - Winner!

  • Race: Terran Terran
  • League: Grandmaster
  • Spawn Location: 11:00

InZaNe

  • Race: Terran Terran
  • League: Grandmaster
  • Spawn Location: 5:00

Event: HomeStory Cup XIX

VOD

Have the link to the VOD?

Description

Time

  • Played on: June 27, 2019, 11:14 a.m.
  • Length: 10:02

All games in this series

Show
View Real Time Build Order
Export as new Build Order

Clem Terran - Winner!

Build Orders:  

Get SALT Encoding   

  12  0:01  SCV  
  13  0:13  SCV  
  14  0:16  Supply Depot  
  14  0:25  SCV  
  15  0:28  Refinery  
  15  0:39  SCV  
  16  0:44  Barracks  
  16  0:51  SCV  
  17  0:57  Refinery  
  17  1:03  SCV  
  18  1:15  SCV  
  19  1:30  Orbital Command  
  19  1:32  Factory  
  19  1:35  Reaper  
  20  1:44  Supply Depot  
  20  1:56  SCV  
  21  2:07  Reaper  
  23  2:08  SCV  
  23  2:17  Hellion  
  23  2:20  SCV  
  26  2:29  Command Center  
  26  2:34  SCV  
  27  2:40  Hellion  
  27  2:43  Reaper  
  29  2:46  SCV  
  30  2:51  Starport  
  30  2:58  SCV  
  31  3:10  Factory Tech Lab  
  31  3:16  SCV, Supply Depot  
  31  3:18  Barracks Tech Lab  
  31  3:38  SCV, Cyclone  
  31  3:40  Refinery  
  35  3:41  Raven  
  35  3:47  Orbital Command  
  37  3:50  SCV  
  37  3:51  Barracks Reactor  
  38  4:02  SCV  
  39  4:13  SCV  
  39  4:14  SCV  
  41  4:20  Supply Depot  
  41  4:25  Raven  
  41  4:26  SCV  
  41  4:28  Marine x2, SCV  
  41  4:31  Supply Depot  
  47  4:35  Siege Tank  
  50  4:38  SCV  
  50  4:40  SCV  
  46  4:46  Marine  
  46  4:47  Marine  
  46  4:50  SCV  
  46  4:52  SCV  
  50  4:57  Command Center  
  50  5:03  SCV  
  50  5:06  SCV  
  52  5:07  Siege Tank  
  55  5:15  SCV  
  55  5:16  Viking x2  
  55  5:17  Marine  
  55  5:20  Supply Depot  
  55  5:21  Refinery  
  61  5:24  Stimpack  
  61  5:31  SCV x2  
  61  5:34  Marine  
  64  5:40  Siege Tank  
  67  5:43  SCV x2  
  67  5:45  Engineering Bay x2  
  68  5:50  Viking  
  68  5:55  SCV x2  
  68  5:56  Viking  
  74  6:00  Supply Depot  
  74  6:05  Marine  
  74  6:07  SCV  
  74  6:08  SCV  
  78  6:12  Orbital Command  
  78  6:15  Siege Tank  
  80  6:22  SCV x2  
  82  6:29  Viking x2  
  82  6:30  Marine  
  87  6:34  SCV x2  
  87  6:35  Supply Depot  
  87  6:39  Terran Infantry Weapons Level 1  
  89  6:40  Orbital Command  
  89  6:45  Terran Infantry Armor Level 1  
  89  6:46  SCV  
  90  6:48  Marine  
  90  6:51  Liberator, SCV  
  92  6:55  Siege Tank  
  92  6:58  SCV  
  96  7:02  Supply Depot  
  96  7:03  SCV  
  96  7:05  Barracks  
  96  7:08  Barracks  
  96  7:10  Marine  
  96  7:14  SCV x2  
  102  7:17  Viking  
  102  7:21  Supply Depot  
  104  7:25  Supply Depot  
  104  7:28  Siege Tank  
  106  7:35  SCV x2  
  106  7:36  Marine  
  109  7:39  SCV, Supply Depot  
  108  7:47  SCV x2  
  108  7:51  Viking x2  
  102  7:52  SCV  
  102  7:54  Marine  
  102  7:57  Barracks  
  102  7:58  Barracks Reactor x2  
  104  7:59  SCV x2  
  104  8:00  Barracks  
  104  8:04  SCV  
  107  8:06  Refinery  
  107  8:07  Refinery  
  107  8:10  Siege Tank  
  107  8:12  Marine, SCV x2  
  113  8:18  SCV  
  114  8:21  Factory  
  114  8:24  SCV  
  114  8:26  SCV  
  116  8:30  Marine, SCV  
  117  8:35  Marine x2  
  117  8:36  SCV  
  117  8:37  Marine  
  117  8:38  Combat Shield  
  121  8:42  Supply Depot  
  121  8:46  Siege Tank  
  121  8:47  Command Center  
  121  8:48  Barracks Tech Lab, Reaper  
  125  8:49  Barracks Tech Lab  
  125  8:55  Armory, Supply Depot  
  125  8:57  Marine  
  125  8:58  Marine x3  
  129  9:04  Missile Turret  
  129  9:06  Marine  
  129  9:07  Missile Turret  
  129  9:08  SCV x2  
  129  9:09  SCV  
  129  9:12  Marauder  
  129  9:15  Marine  
  123  9:19  Marine  
  123  9:20  Marauder, SCV x2  
  123  9:21  Marine  
  123  9:22  Marine  
  123  9:23  SCV  
  118  9:24  Marine  
  118  9:29  Factory Tech Lab, Siege Tank  
  122  9:32  Viking  
  122  9:33  Marine  
  122  9:34  Marine  
  128  9:43  SCV x2  
  132  9:50  SCV  
Show
View Real Time Build Order
Export as new Build Order

InZaNe Terran 

Build Orders: Hellion Opening, Mech 

Get SALT Encoding   

  12  0:00  SCV  
  13  0:12  SCV  
  14  0:17  Supply Depot  
  14  0:24  SCV  
  15  0:30  Refinery  
  15  0:38  SCV  
  16  0:45  Barracks  
  16  0:50  SCV  
  17  1:02  SCV  
  18  1:14  SCV  
  20  1:33  Reaper  
  20  1:34  Orbital Command  
  20  1:46  Command Center  
  20  1:57  Factory  
  21  2:01  SCV  
  21  2:08  Barracks Reactor  
  21  2:13  SCV  
  21  2:14  Supply Depot  
  22  2:18  Refinery  
  22  2:25  SCV  
  23  2:41  SCV  
  24  2:48  Starport  
  24  2:49  Hellion  
  24  2:50  Hellion  
  28  2:53  SCV  
  28  2:56  Barracks Tech Lab  
  28  3:06  SCV  
  31  3:12  Hellion x2  
  31  3:23  SCV  
  31  3:35  Supply Depot  
  31  3:53  Orbital Command, SCV  
  31  3:54  Raven, Hellion x2  
  38  3:57  Barracks Tech Lab  
  38  4:05  SCV  
  37  4:15  Hellion  
  37  4:16  Hellion  
  39  4:18  SCV  
  39  4:19  SCV  
  41  4:30  SCV  
  41  4:31  SCV  
  43  4:32  Factory x2  
  43  4:36  Hellion  
  41  4:45  SCV x2  
  41  4:50  Raven  
  41  4:51  Hellion  
  45  4:57  SCV x2  
  45  4:58  Refinery  
  47  5:00  Supply Depot  
  47  5:06  Hellion  
  49  5:07  Barracks Reactor  
  49  5:10  SCV x2  
  51  5:22  SCV x2  
  51  5:23  Siege Tank, Refinery  
  56  5:31  Supply Depot  
  56  5:34  SCV x2  
  58  5:38  Supply Depot  
  58  5:45  Siege Tank  
  58  5:46  SCV  
  62  5:53  SCV  
  62  5:54  Supply Depot  
  62  5:56  Viking  
  62  5:57  Viking  
  67  5:59  SCV  
  68  6:05  SCV  
  68  6:11  Siege Tank  
  70  6:12  Hellion x2  
  70  6:13  SCV  
  75  6:19  Siege Tank, Supply Depot  
  75  6:22  SCV  
  75  6:25  SCV  
  80  6:28  Viking  
  80  6:31  Viking  
  84  6:37  Hellion  
  84  6:38  Supply Depot  
  86  6:41  Hellion  
  91  6:47  Siege Tank  
  91  6:50  Supply Depot  
  91  6:56  Siege Tank  
  91  7:00  Viking  
  96  7:05  Hellion x2  
  96  7:07  Viking  
  102  7:13  Supply Depot  
  102  7:21  Siege Tank, Supply Depot  
  105  7:27  Hellion x2  
  105  7:29  Supply Depot  
  107  7:31  Siege Tank  
  100  7:49  Hellion x2  
  79  7:53  Viking  
  79  7:57  Viking  
  81  8:06  Cyclone x2  
  87  8:14  Hellion  
  87  8:16  Hellion  
  87  8:18  Command Center  
  91  8:23  SCV x2  
  93  8:27  Viking  
  93  8:33  Armory  
  95  8:35  SCV x2  
  95  8:38  Viking  
  99  8:47  SCV x2  
  101  8:59  Viking, Cyclone x2  
  109  9:03  SCV x2  
  109  9:08  Viking  
  86  9:22  Hellion x2  
  73  9:28  SCV x2  
  72  9:32  Orbital Command, Factory  
  72  9:33  Factory  
  75  9:40  SCV x2  
Tags
 
Add a new tag
Caveats
  • Supply blocks, unpowered buildings, or Contaminate may cause inaccurate times.
  • Supply counts are checked every 10 seconds.